 Dungeon Crawl Stone Soup version 0.30-a0-711-gf4ac18a38d (webtiles) character file.

Game seed: 820360412537475854

71 Absynth the Chopper (level 4, 0/40 HPs)
             Began as a Minotaur Berserker on Jan 22, 2023.
             Was a Believer of Trog.
             Killed from afar by an orc wizard (5 damage)
             ... with a puff of flame
             ... on level 3 of the Dungeon.
             The game lasted 00:04:29 (1811 turns).

Absynth the Chopper (Minotaur Berserker)            Turns: 1811, Time: 00:04:29

Health: 0/40       AC: 11    Str: 23    XL:     4   Next: 5%
Magic:  3/3        EV:  8    Int:  4    God:    Trog [**....]
Gold:   120        SH:  0    Dex: 10    Spells: 3/3 levels left

rFire   . . .      SeeInvis .    a - +0 hand axe
rCold   . . .      Faith    .    b - +0 buckler
rNeg    . . .      Spirit   .    i - +0 chain mail
rPois   .          Reflect  .    (helmet restricted)
rElec   .          Harm     .    k - +0 cloak
rCorr   .          Rampage  .    (no gloves)
Will    .....                    f - +0 pair of boots Stlth
                                 (no amulet)
HPRegen 0.26/turn                (no ring)
MPRegen 0.08/turn                (no ring)

@: confused
A: horns 2, retaliatory headbutt
a: Renounce Religion, Berserk, Trog's Hand


You were on level 3 of the Dungeon.
You worshipped Trog.
Trog was pleased with you.
You visited 1 branch of the dungeon, and saw 3 of its levels.

You collected 120 gold pieces.

Inventory:

Hand Weapons
 a - a +0 hand axe (weapon)
 c - a +0 mace
Missiles
 l - 2 boomerangs
 s - 3 silver javelins
Armour
 b - a +0 buckler (worn)
 f - a +0 pair of boots (worn)
 i - a +0 chain mail (worn)
 k - a +0 cloak (worn)
Scrolls
 d - 2 scrolls of enchant weapon {unknown}
 e - a scroll of acquirement {unknown}
 h - a scroll of poison {unknown}
 m - 2 scrolls of noise {unknown}
 n - a scroll of amnesia {unknown}
 p - a scroll of torment {unknown}
 q - a scroll of teleportation {unknown}
Potions
 g - a potion of attraction {unknown}
 j - a potion of invisibility {unknown}
 o - a potion of lignification {unknown}
 r - a potion of curing {unknown}


   Skills:
 + Level 4.2 Fighting
 * Level 4.9 Axes
 - Level 0.5 Ranged Weapons
 + Level 3.3 Armour
 - Level 2.1 Dodging


You had 3 spell levels left.
You didn't know any spells.
Your spell library was empty.

Dungeon Overview and Level Annotations

Branches:
Dungeon (3/15)

Altars:
Ashenzari


Innate Abilities, Weirdness & Mutations

You have a pair of horns on your head.
You reflexively headbutt those who attack you in melee.


Message History

You hear some strange, mumbled words.
Something tries to affect you, but you resist.
Things that are here:
a +0 dagger; a +0 leather armour; an orc corpse You hear some strange, mumbled words.
A puff of flame appears from out of thin air!
The puff of flame misses you.
You closely miss something. Something hits you.
* * * LOW HITPOINT WARNING * * *
You feel less confused. Something hits you but does no damage.
Things that are here:
a +0 dagger; a +0 leather armour; an orc corpse Something hits you but does no damage.
You hear some strange, mumbled words.
Something tries to affect you, but you resist.
Something hits you but does no damage. Something hits you but does no damage.
Something hits you but does no damage.
You miss something. Something hits you.
* * * LOW HITPOINT WARNING * * *
You hit something. Your headbutt misses something.
You hear some strange, mumbled words.
A magic dart appears from out of thin air!
The magic dart hits you but does no damage.
Something hits you but does no damage.
You barely miss something. Your headbutt misses something.
You hear some strange, mumbled words.
You are confused.
You miss something. Something hits you.
* * * LOW HITPOINT WARNING * * *
You bump into the rock wall.
Something hits you.
* * * LOW HITPOINT WARNING * * *
You bump into the rock wall.
Something hits you but does no damage.
You bump into the rock wall.
Something hits you but does no damage.
You bump into the rock wall.
You hear some strange, mumbled words.
A puff of flame appears from out of thin air!
The puff of flame hits you.
You die...

#.##.##.#.## ###.#
##.#.#..#.# #...#
###[.†#.#.# #.#.#
.....##.#.# #.#:###
#######.#.# #.._..#
#.#.# ###.#.# #.#.#
#...#
####.#.############>##
#...........{@.......#
#.##...))..########..#
#.####.###.# ###..#
##.## #.# #.# ##.#..#
###...###<# #.#
##.#...# ..........#
#.# ##.###..#
.##...##### #.# #.##
##.# .###.## #.#
##.###.## .##..# #.#
#..#.##


There were no monsters in sight!

Vanquished Creatures
  An orc wizard (D:3)
  An adder (D:2)
  An orc (D:3)
  A ball python (D:3)
  4 bats
  An endoplasm (D:1)
  5 giant cockroaches
  A goblin (D:1)
  7 hobgoblins
  4 kobolds
  A quokka (D:1)
  A frilled lizard (D:1)
  5 rats
33 creatures vanquished.

Notes
Turn   | Place    | Note
-------+----------+-------------------------------------------
     0 | D:1      | Absynth the Minotaur Berserker began the quest for the Orb.
     0 | D:1      | Reached XP level 1. HP: 19/19 MP: 0/0
    84 | D:1      | Reached XP level 2. HP: 26/27 MP: 1/1
   971 | D:2      | Reached ** piety under Trog
  1118 | D:2      | Reached XP level 3. HP: 32/33 MP: 2/2
  1753 | D:3      | Found a broken altar of Ashenzari.
  1787 | D:3      | Reached XP level 4. HP: 23/40 MP: 3/3
  1811 | D:3      | Killed from afar by an orc wizard

Illustrated notes

Levels and vault maps discovered:
D:1:      co_arrival_random_square_maze, layout_basic
D:2:      layout_basic
D:3:      layout_loops_ring, lemuel_crystal_altar, ebering_ecumenical_altar_rust

Skill      XL: |  1  2 |
---------------+-------+-----
Axes           | 4 |  4.9
Fighting       | 4 |  4.2
Armour         | 3 |  3.3
Ranged Weapons | |  0.5
Dodging        | |  2.1

Action                     |  1- 3 |  4- 6 || total
---------------------------+-------+-------++-------
  Melee: Hand axe          |    73 |     8 ||    81
         Headbutt          |     4 |       ||     4
   Fire: Longbow           |    19 |       ||    19
 Armour: Animal skin       |     4 |       ||     4
         Chain mail        |    44 |    14 ||    58
         Ring mail         |     6 |       ||     6
  Dodge: Dodged            |    56 |     1 ||    57
  Block: Buckler           |     3 |       ||     3

Table legend: (Time is in decaauts)
 A = Elapsed time spent in this place.
 B = Non-inter-level travel time spent in this place.
 C = Inter-level travel time spent in this place.
 D = Time resting spent in this place.
 E = Time spent auto-exploring this place.
 F = Levels seen in this place.
 G = Mean time per level.
                   A        B        C        D        E       F      G
               +--------+--------+--------+--------+--------+-----+--------+
         Total |   1833 |   1819 |     14 |      7 |   1402 |   3 |  611.0 |
       Dungeon |   1833 |   1819 |     14 |      7 |   1402 |   3 |  611.0 |
               +--------+--------+--------+--------+--------+-----+--------+

Top non-repeatable levels by time:
     D:1: 878 daAuts
     D:2: 691 daAuts
     D:3: 263 daAuts
